 Dungeon Crawl Stone Soup version 0.19-a0-1732-g0b18a7b (webtiles) character file.

2207 4thArraOfDagon the Grappler (level 9, -9/72 HPs)
             Began as a Troll Wanderer on Sept 30, 2016.
             Was a Follower of Nemelex Xobeh.
             Mangled by an unseen horror (12 damage)
             ... on level 10 of the Dungeon.
             The game lasted 00:07:25 (1643 turns).

4thArraOfDagon the Grappler (Troll Wanderer)        Turns: 1643, Time: 00:07:25

Health: -9/72      AC:  0    Str: 20    XL:     9   Next: 13%
Magic:  9/9        EV: 21    Int: 11    God:    Nemelex Xobeh [*.....]
Gold:   240        SH:  0    Dex: 16    Spells: 0 memorised, 8 levels left

rFire  . . .     SeeInvis .       - Unarmed
rCold  . . .     Gourm    +     (armour currently unavailable)
rNeg   . . .     Faith    .     (shield currently unavailable)
rPois  .         Spirit   .     (helmet currently unavailable)
rElec  .         Dismiss  .     (cloak currently unavailable)
rCorr  .         Reflect  .     (gloves unavailable)
MR     .....     Harm     .     (boots unavailable)
Stlth  +++.......               (no amulet)
                                (ring currently unavailable)
                                (ring currently unavailable)

@: bat-form, flying, slowed, quick
A: unfitting armour, (antennae 0), (claws 0), fast metabolism 3, frail 1,
gourmand, regeneration 1, screaming 1, (shaggy fur 0), (tough skin 0)
a: Renounce Religion


You were on level 10 of the Dungeon.
You worshipped Nemelex Xobeh.
Nemelex Xobeh was aware of your devotion.
You were very full.
You were in bat-form.
You visited 1 branch of the dungeon, and saw 10 of its levels.

You collected 240 gold pieces.

Inventory:

Hand Weapons
 a - a +2 dagger
 w - a +0 giant spiked club
Armour
 c - a +0 robe
 e - a +1 robe of the Archmagi (melded)
Magical Staves
 v - an uncursed staff of power {!a}
Wands
 q - a wand of polymorph (2/24)
Scrolls
 h - a scroll of random uselessness {unknown}
 i - 2 scrolls of identify {unknown}
 k - 2 scrolls of magic mapping {unknown}
 l - a scroll of teleportation {unknown}
 m - a scroll of vulnerability {unknown}
 o - 2 scrolls of remove curse {unknown}
 t - a scroll of amnesia {unknown}
 u - a scroll of blinking {unknown}
Potions
 b - a potion of agility {unknown}
 d - a potion of brilliance
 g - 4 potions of curing {unknown}
 j - a potion of mutation {unknown}
 n - 2 potions of lignification
 r - a potion of haste
Miscellaneous
 s - a plain deck of escape
Comestibles
 f - 3 bread rations
 p - a royal jelly


   Skills:
 + Level 2.7 Fighting
   Level 1.0 Crossbows
 + Level 2.9 Dodging
 - Level 3.0 Stealth
 * Level 10.8 Unarmed Combat
 + Level 2.3 Invocations


You had 8 spell levels left.
You didn't know any spells.

Dungeon Overview and Level Annotations

Branches:
Dungeon (10/15)               Orc (0/2) D:10
 Temple: D:4-7         Lair: D:8-11

Altars:
Hepliaklqana
Nemelex Xobeh
Yredelemnul
Zin
The Shining One

Shops:
D:6 :(

Annotations:
D:3 4thArraOfDagon's ghost, weakling HEMo
D:9 Grum


Innate Abilities, Weirdness & Mutations

You are too large for most types of armour.
((You have claws for hands.))
Your metabolism is lightning-fast.
You like to eat raw meat.
Your natural rate of healing is unusually fast.
((You are covered in fur. (AC +1)))
((You have very tough skin. (AC +2)))
((You have a pair of small antennae on your head.))
You are frail. (-10% HP)
You occasionally shout uncontrollably at your foes.


Message History

Unknown command.
Something hits you!
* * * LOW HITPOINT WARNING * * *
Something barely misses you.
Unknown command.
Something hits you.
* * * LOW HITPOINT WARNING * * *
Unknown command.
Something misses you.
Unknown command.
Something hits you.
* * * LOW HITPOINT WARNING * * *
Something hits you.
* * * LOW HITPOINT WARNING * * *
The phantom blinks!
Unknown command.
Unknown command.
Something hits you!
You die...
Your body disappears without a glow.

####..)..#......#...o#...<.....#
######)...#......#...o'.........#
.##..#)...#......#....#o........#
...#.')...#......#....#.........#
..##.#)...#......####.#.........#
.#.#.#....#.........###.........#
...#.#....#.......o.o)ยง.........#
#.##.#....#......########.......#
####.#....#.....b# #.......# #
#.#....#......# #.......# ##
#.#....'......# #.......# .#
#.#....#......# #.......# .#
#.######.....># #.......# #
##.............#######
#.##....................
#.##....................
..##........(.#########.


There were no monsters in sight!

Vanquished Creatures
  A hill giant (D:10)
  Purgy (D:4)
  A sky beast (D:6)
  An orc warrior (D:10)
  An ice beast (D:8)
  An ogre (D:10)
  A phantom (D:4)
  4 centaurs
  4 bullfrogs
  3 howler monkeys
  3 crimson imps
  2 hounds
  3 orc priests
  A bullfrog skeleton (D:6)
  A centaur skeleton (D:4)
  Jessica (D:3)
  5 orc wizards
  A worker ant (D:8)
  3 adders
  An adder zombie (D:6)
  4 leopard geckos
  14 orcs
  A bat (D:3)
  A giant cockroach (D:3)
  A goblin (D:3)
  2 hobgoblins (D:10)
  A quokka (D:8)
  A kobold (D:3)
  A rat (D:3)
65 creatures vanquished.

Notes
Turn   | Place    | Note
-------+----------+-------------------------------------------
     0 | D:1      | 4thArraOfDagon the Troll Wanderer began the quest for the Orb.
     0 | D:1      | 4thArraOfDagon set off with: a +2 dagger, a potion of haste, a +0 robe, a potion of lignification, 2 bread rations
     0 | D:1      | Reached XP level 1. HP: 19/19 MP: 0/0
    65 | D:3      | Noticed Jessica
    73 | D:3      | Reached skill level 1 in Unarmed Combat
    73 | D:3      | Reached XP level 2. HP: 27/27 MP: 1/1
    79 | D:3      | Killed Jessica
    79 | D:3      | Reached skill level 2 in Unarmed Combat
    79 | D:3      | Reached XP level 3. HP: 33/33 MP: 2/2
   124 | D:3      | Reached skill level 3 in Unarmed Combat
   189 | D:3      | Reached XP level 4. HP: 19/41 MP: 3/3
   196 | D:3      | Noticed 4thArraOfDagon's ghost (weakling HEMo)
   219 | D:4      | Noticed a phantom
   221 | D:4      | Reached skill level 4 in Unarmed Combat
   240 | D:4      | Reached XP level 5. HP: 38/48 MP: 4/4
   252 | D:4      | Killed a phantom
   252 | D:4      | Reached skill level 5 in Unarmed Combat
   282 | D:4      | Reached XP level 6. HP: 8/55 MP: 5/5
   296 | D:4      | Noticed Purgy
   362 | D:4      | Killed Purgy
   362 | D:4      | Reached skill level 6 in Unarmed Combat
   480 | D:4      | You fall through a shaft for 3 floors!
   537 | D:7      | Reached skill level 7 in Unarmed Combat
   570 | D:8      | Noticed an ice beast
   582 | D:8      | Killed an ice beast
   582 | D:8      | Reached XP level 7. HP: 62/62 MP: 6/6
   670 | D:6      | Found Ongonupu's Book Shoppe.
   673 | D:6      | Found Egod's Antique Weapon Boutique.
   703 | D:6      | Reached skill level 8 in Unarmed Combat
   723 | D:6      | Found a sparkling altar of Nemelex Xobeh.
   736 | D:6      | Gained mutation: You have a pair of small antennae on your head. [mutagenic meat]
   739 | D:6      | Gained mutation: You occasionally shout uncontrollably at your foes. [mutagenic meat]
   742 | D:6      | Gained mutation: You are frail. (-10% HP) [mutagenic meat]
   751 | D:6      | Became a worshipper of Nemelex Xobeh the Trickster
   795 | D:5      | Entered Level 5 of the Dungeon
   803 | D:5      | Found a glowing silver altar of Zin.
   816 | D:5      | Found a hazy altar of Hepliaklqana.
   816 | D:5      | Found a glowing golden altar of the Shining One.
   867 | D:6      | Reached skill level 9 in Unarmed Combat
   918 | D:7      | Received a gift from Nemelex Xobeh
   979 | D:7      | Found a basalt altar of Yredelemnul.
  1151 | D:9      | Noticed a hippogriff
  1169 | D:8      | Reached XP level 8. HP: 40/63 MP: 7/7
  1256 | D:8      | Reached * piety under Nemelex Xobeh
  1259 | D:8      | Reached skill level 10 in Unarmed Combat
  1304 | D:9      | Noticed Grum
  1310 | D:10     | Entered Level 10 of the Dungeon
  1310 | D:10     | Noticed a hill giant
  1430 | D:10     | Noticed a gargoyle
  1474 | D:10     | Found a staircase to the Orcish Mines.
  1514 | D:10     | Reached skill level 1 in Invocations
  1561 | D:10     | Killed a hill giant
  1561 | D:10     | Reached XP level 9. HP: 72/72 MP: 7/9
  1642 | D:10     | HP: 3/72 [something (3)]
  1643 | D:10     | Mangled by an unseen horror

Vault maps used:
D:1:      dpeg_arrival_windows_large_door, hangedman_decor_points
D:3:      first_bread, uniq_jessica
D:4:      uniq_grinder, uniq_purgy, uniq_edmund
D:5:      kennysheep_little_box, lemuel_round_altar,
          gammafunk_temple_overflow_pools, uniq_menkaure
D:6:      basic_altar, serial_shops, shop,
          nicolae_shop_temple_entry_statues_fountains, kennysheep_mini_moat,
          minmay_crystal_room
D:7:      nicolae_overflow_crystal_walls, grunt_livestock, st_stairs_3,
          hangedman_abyss_or_decor_stagger, uniq_joseph
D:8:      dpeg_oklobed_lair
D:9:      lemuel_coloured_pillars_altar, lemuel_doored_altar,
          grunt_ministairs_8, uniq_grum, uniq_maurice
D:10:     statuecave_lemuel, erik_orc_3, minmay_guarded_unrand_variability

Skill      XL: |  1  2  3  4  5  6  7  8 |
---------------+-------------------------+-----
Unarmed Combat | 1 2 3 4 5 7 9 10 | 10.8
Fighting       | 2 |  2.7
Dodging        | 2 |  2.9
Invocations    | 2 |  2.3
Crossbows      | |  1.0
Stealth        | |  3.0

Action                   |  1- 3 |  4- 6 |  7- 9 || total
-------------------------+-------+-------+-------++-------
Melee: Unarmed           |    45 |    58 |   144 ||   247
       Dagger            |     1 |       |       ||     1
       Punch             |       |       |     8 ||     8
Evoke: Wand              |       |       |     2 ||     2
  Use: Potion            |     1 |     2 |       ||     3
 Stab: Sleeping          |     1 |     1 |     2 ||     4
       Confused          |       |       |     1 ||     1
  Eat: Royal jelly       |       |     1 |       ||     1
       Chunk             |       |       |    20 ||    20
       Pizza             |       |       |     1 ||     1
Armor: Skin              |     6 |       |     3 ||     9
       Robe              |     4 |     9 |    44 ||    57
Dodge: Dodged            |    17 |    15 |    79 ||   111
